 Dungeon Crawl Stone Soup version 0.32-a0-841-g4648e6c457 (webtiles) character file.

Game seed: 17393536458008913313

235 ytrimaz the Ruffian (level 5, -3/39 HPs)
             Began as a Demigod Shapeshifter on Mar 26, 2024.
             Killed from afar by sychorax's ghost (21 damage)
             ... with a blast of sand
             ... on level 3 of the Dungeon.
             The game lasted 00:02:32 (2178 turns).

ytrimaz the Ruffian (Demigod Shapeshifter)          Turns: 2178, Time: 00:02:32

Health: -3/39      AC:  2    Str: 19    XL:     5   Next: 47%
Magic:  7/7        EV: 11    Int: 12    God:
Gold:   92         SH:  0    Dex: 13    Spells: 4/4 levels left

rFire   + .          .
                       - Unarmed
rCold   . . .        (no shield)
rNeg    . . .        a - +0 animal skin
rPois   .            (helmet currently unavailable)
rElec   .            (cloak currently unavailable)
rCorr   .            (gloves currently unavailable)
SInv    .            (boots currently unavailable)
Will    +....        (no amulet)
Stlth   +            i - ring of protection from fire
HPRegen 0.26/turn    (no ring)
MPRegen 0.10/turn

%: no passive effects
@: beast-form, attractive, enlightened, flying
A: beast (slay +2), high MP 1, forlorn, divine attributes
a: Begin Untransformation


You were on level 3 of the Dungeon.
You were a hulking beast.
You visited 1 branch of the dungeon, and saw 3 of its levels.

You collected 92 gold pieces.


Innate Abilities, Weirdness & Mutations

You are a hulking beast.
Your limbs bulge with bestial killing power. (Slay +2)
You have an increased reservoir of magic. (+10% MP)
You shall have no god before yourself.
Your divine heritage dramatically boosts your attributes as you level up.


   Skills:
 - Level 0.8 Fighting
 - Level 1.7 Dodging
 + Level 5.0 Unarmed Combat
 + Level 3.9 Shapeshifting


You had 4 spell levels left.
You didn't know any spells.
Your spell library contained the following spells:

 Spells                   Type           Power      Damage    Failure   Level
 Necrotise                Necr           0%         1d4       32%         1
 Summon Ice Beast         Ice/Summ       0%         N/A       69%         3
 Vampiric Draining        Necr           0%         2d6       69%         3
 Martyr's Knell           Necr/Summ      0%         N/A       97%         4
 Curse of Agony           Necr           0%         N/A       100%        5
 Summon Mana Viper        Hex/Summ       0%         N/A       100%        5
 Monstrous Menagerie      Summ           0%         N/A       100%        7

Inventory:

Armour
 a - a +0 animal skin (worn)
Jewellery
 i - a ring of protection from fire (left hand)
   (You found it on level 1 of the Dungeon)
Talismans
 c - a beast talisman (active)
 d - a flux talisman
 k - a serpent talisman
   (You found it on level 1 of the Dungeon)
Wands
 m - a wand of roots (6)
   (You found it on level 2 of the Dungeon)
Scrolls
 e - a scroll of fog {unknown}
 g - a scroll of vulnerability {unknown}
 l - a scroll of silence {unknown}
 o - 3 scrolls of poison
 p - a scroll of fear

Dungeon Overview and Level Annotations

Branches:
Dungeon (3/15) Zot: 15836

Annotations:
D:3 sychorax's ghost, amateur OpEE

***######### ***********
****,,........###### *,,,,,,,,,,
*,,,,,.........†...# *,*****,,,,
*,**,**######.####.# *,* *,***
*,**,* #.# #.# *,* *,* *,**,*
##.#* #.# *,* *,*** *,**,*
####.#.###.# *,* *,*,, *,**,*
#...###.##.# *,* *,*,* *,**,*
#.##.#.h##.# *,* **,*,* **,**,*
#.###.#W#..###.##**,,,,,
*,,*#.####.###.#rS........,,,*,,,
*,**#..........###†####.##**,,,,,
*,* ######.######~~~# *,*****,***
*,* #.# #~~~# *,**,,,,* * *,* #.#
#~~~# *,**,**** * *,* #.# #~~~#
*,**,* ** *,* #.# #~?~#**,**,* *,


You could see sychorax's ghost, an adder and a river rat.


Message History

Unknown command.
It was a potion of magic.
Magic courses through your body. The adder closely misses you.
You closely miss the adder.
The bullfrog gives a loud, deep croak!
The adder bites you.
You are poisoned.
The adder poisons you! The adder barely misses you. 😕 HP[-2]
You take 2 damage, and now have 36/39 hp.
Unknown command.
Press: ? - help, v - describe, . - travel
Here: sychorax's ghost Some shallow water.
You feel sick. The adder closely misses you. 😕 HP[-1]
You take 1 damage, and now have 35/39 hp.
Unknown command.
Unknown command.
You feel sick. The adder bites you. 😕 HP[-4]
You take 4 damage, and now have 31/39 hp.
It was a potion of attraction.
You feel attractive to monsters.
You feel sick. 😕 HP[-1]
You take 1 damage, and now have 30/39 hp.
Unknown command.
You closely miss the adder.
You feel sick. The adder barely misses you. The adder bites you. 😮 HP[-2]
You take 2 damage, and now have 28/39 hp.
Unknown command.
It was a potion of enlightenment.
You feel very buoyant.
You fly up into the air.
You feel sick. The adder closely misses you. The adder bites you. 😮 HP[-1]
You take 1 damage, and now have 27/39 hp.
Unknown command.
It was a potion of heal wounds.
You feel much better.
You feel sick.
You are no longer poisoned.
The adder misses you. The adder closely misses you.
The adder barely misses you. 😕 HP[+11]
You regained 11 hp, and now have 38/39 hp.
Unknown command.
You closely miss the adder. The adder bites you.
You are poisoned.
The adder poisons you!
The river rat twitches its whiskers.
The adder bites you. The adder closely misses you. 😕 HP[-5]
You take 5 damage, and now have 33/39 hp.
You punch the adder!
You feel sick. The adder bites you but does no damage.
The adder barely misses you. 😕 HP[-1]
You take 1 damage, and now have 32/39 hp.
You punch the adder!
You kill the adder!
You feel sick. The adder closely misses you.
Sychorax's ghost flexes its fingers.
Unknown command.
You feel sick. The adder bites you. 😮 HP[-3]
You take 3 damage, and now have 29/39 hp.
You feel sick. The adder barely misses you. 😮 HP[-1]
You take 1 damage, and now have 28/39 hp.
Unknown command.
You barely miss the adder.
You feel sick.
You are no longer poisoned.
The adder completely misses you. 😮 HP[-1]
You take 1 damage, and now have 27/39 hp.
Unknown command.
You closely miss the adder. The adder bites you. 😮 HP[-2]
You take 2 damage, and now have 25/39 hp.
You hit the adder. The adder closely misses you.
You closely miss the adder. Your punch misses the adder. The adder misses you.
The adder bites you but does no damage.
Unknown command.
You miss the adder. Your punch misses the adder. The adder barely misses you.
You closely miss the adder.
Unknown command.
You barely miss sychorax's ghost. 😮 HP[+1]
You closely miss sychorax's ghost. Sychorax's ghost hits you!
* * * LOW HITPOINT WARNING * * *
Unknown command. 😨 HP[-8]
You take 8 damage, and now have 18/39 hp.
MASSIVE DAMAGE!! (PAUSE)
You punch sychorax's ghost!
Sychorax's ghost shouts, "You will join me soon!"
Sychorax's ghost stares at you and mumbles some strange words.
The blast of sand hits you!!
Ouch! That really hurt!
You die...

Skill      XL: |  1  2  3  4  5 |
---------------+----------------+-----
Unarmed Combat | 3 4 5 |  5.0
Shapeshifting  | 3 |  3.9
Fighting       | |  0.8
Dodging        | |  1.7

Action                     |  1- 3 |  4- 6 || total
---------------------------+-------+-------++-------
  Melee: Unarmed           |   110 |    73 ||   183
         Punch             |     1 |     3 ||     4
    Use: Potion            |     2 |     4 ||     6
         Scroll            |       |     3 ||     3
   Stab: Sleeping          |     2 |       ||     2
 Armour: Animal skin       |    57 |    48 ||   105
         Skin              |     2 |     6 ||     8
  Dodge: Dodged            |    53 |    34 ||    87

Levels and vault maps discovered:
D:1:      roderic_crossed_star, layout_loops_ring
D:2:      layout_basic, shapermc_ecumenical_altar_totnotflames,
          minmay_tiny_reverse_x, uniq_jessica
D:3:      layout_loops_ring, mainiacjoe_overflow_alcove_2, ebering_ghost_sewer_f

Notes
Turn   | Place    | Note
-------+----------+-------------------------------------------
     0 | D:1      | ytrimaz the Demigod Shapeshifter began the quest for the
                  | Orb.
     0 | D:1      | Reached XP level 1. HP: 15/15 MP: 3/3
     0 | D:1      | magus.rc [v1.9.6]
   102 | D:1      | Reached skill level 3 in Unarmed Combat
   317 | D:1      | Reached XP level 2. HP: 21/22 MP: 4/4
   766 | D:2      | Reached XP level 3. HP: 24/27 MP: 5/5
   801 | D:2      | Noticed Jessica
   805 | D:2      | Killed Jessica
   806 | D:2      | Reached skill level 4 in Unarmed Combat
   806 | D:2      | Reached skill level 3 in Shapeshifting
  1034 | D:2      | Identified the +5 sling of Catzaph {heavy, Fly Will+}
  1064 | D:2      | Noticed a scorpion
  1073 | D:2      | HP: 4/27 [scorpion (3)]
  1076 | D:2      | Killed a scorpion
  1077 | D:2      | Reached XP level 4. HP: 11/34 MP: 6/6
  1211 | D:2      | You pick up a book of Beasts and begin reading...
  1211 | D:2      | You add the spells Summon Ice Beast, Summon Mana Viper and
                  | Monstrous Menagerie to your library.
  1457 | D:2      | Reached XP level 5. HP: 39/39 MP: 7/7
  1875 | D:3      | Reached skill level 5 in Unarmed Combat
  1925 | D:3      | You pick up a book of Necromancy and begin reading...
  1925 | D:3      | You add the spells Necrotise, Vampiric Draining, Martyr's
                  | Knell and Curse of Agony to your library.
  2144 | D:3      | Found a runed translucent door.
  2152 | D:3      | Noticed sychorax's ghost (amateur OpEE)
  2178 | D:3      | Killed from afar by sychorax's ghost

Vanquished Creatures
  A scorpion (D:2)
  A bombardier beetle (D:3)
  Jessica (D:2)
  A gnoll (D:1)
  6 adders
  A dart slug (D:1)
  2 ribbon worms (D:2)
  An orc (D:3)
  2 bats
  3 endoplasms
  4 giant cockroaches (D:1)
  5 goblins
  4 hobgoblins
  2 jackals (D:2)
  2 kobolds (D:2)
  2 quokkas (D:1)
  4 ball pythons
  6 frilled lizards
  3 rats (D:2)
51 creatures vanquished.

Table legend:
 A = Non-vault XP
 B = Vault XP
 C = Vault XP percentage of total XP
 D = Non-vault monster count
 E = Vault monster count
 F = Vault count percentage of total count
                 A         B        C        D         E       F
            +---------+---------+-------+---------+---------+-------
      Total |     203 |     134 |  39.8 |      47 |       4 |   7.8
            +---------+---------+-------+---------+---------+-------
        D:1 |      46 |       0 |   0.0 |      18 |       0 |   0.0
        D:2 |      99 |     121 |  55.0 |      23 |       3 |  11.5
        D:3 |      58 |      13 |  18.3 |       6 |       1 |  14.3
            +---------+---------+-------+---------+---------+-------

Skill      XL: |  1  2  3  4  5 |
---------------+----------------+-----
Unarmed Combat | 3 4 5 |  5.0
Shapeshifting  | 3 |  3.9
Fighting       | |  0.8
Dodging        | |  1.7

Action                     |  1- 3 |  4- 6 || total
---------------------------+-------+-------++-------
  Melee: Unarmed           |   110 |    73 ||   183
         Punch             |     1 |     3 ||     4
    Use: Potion            |     2 |     4 ||     6
         Scroll            |       |     3 ||     3
   Stab: Sleeping          |     2 |       ||     2
 Armour: Animal skin       |    57 |    48 ||   105
         Skin              |     2 |     6 ||     8
  Dodge: Dodged            |    53 |    34 ||    87

Illustrated notes

Table legend:
 A = Kills in this place as a percentage of kills in the entire game.
 B = Kills by you in this place as a percentage of kills by you in the entire game.
 C = Kills by friends in this place as a percentage of kills by friends in the entire game.
 D = Other kills in this place as a percentage of other kills in the entire game.
 E = Experience gained in this place as a percentage of experience gained in the entire game.
 F = Experience gained in this place divided by the number of levels of this place that you have seen.
                   A       B       C       D       E      F
               +-------+-------+-------+-------+-------+----------------------
         Total | 100.0 | 100.0 |   N/A |   N/A | 100.0 | 112.3
       Dungeon | 100.0 | 100.0 |   N/A |   N/A | 100.0 | 112.3
               +-------+-------+-------+-------+-------+----------------------

Table legend: (Time is in decaauts)
 A = Elapsed time spent in this place.
 B = Non-inter-level travel time spent in this place.
 C = Inter-level travel time spent in this place.
 D = Time resting spent in this place.
 E = Time spent auto-exploring this place.
 F = Levels seen in this place.
 G = Mean time per level.
                   A        B        C        D        E       F      G
               +--------+--------+--------+--------+--------+-----+--------+
         Total |   2162 |   2104 |     58 |      0 |   1652 |   3 |  720.7 |
       Dungeon |   2162 |   2104 |     58 |      0 |   1652 |   3 |  720.7 |
               +--------+--------+--------+--------+--------+-----+--------+

Top non-repeatable levels by time:
     D:2: 1129 daAuts
     D:1: 728 daAuts
     D:3: 305 daAuts
